 Dungeon Crawl Stone Soup version 0.30-a0-626-gd6a5dd7a1f (webtiles) character file.

Game seed: 4134533513958137902

35 CannotBeFrozen the Conjurer (level 3, -3/29 HPs)
             Began as a Demigod Reaver on Jan 11, 2023.
             Slain by a gnoll
             ... wielding a +0 club
              (7 damage)
             ... on level 2 of the Dungeon.
             The game lasted 00:05:23 (1071 turns).

CannotBeFrozen the Conjurer (Demigod Reaver)        Turns: 1071, Time: 00:05:23

Health: -3/29      AC:  3    Str: 13    XL:     3   Next: 4%
Magic:  9/9        EV: 11    Int: 19    God:
Gold:   67         SH:  0    Dex: 12    Spells: 4/7 levels left

rFire   . . .      SeeInvis .    a - +0 long sword
rCold   . . .      Faith    .    (no shield)
rNeg    . . .      Spirit   .    b - +0 leather armour
rPois   .          Reflect  .    (no helmet)
rElec   .          Harm     .    (no cloak)
rCorr   +          Rampage  .    (no gloves)
Will    .....                    (no boots)
Stlth   +                        c - amulet of magic regeneration
HPRegen 0.24/turn                p - ring of resist corrosion
MPRegen 0.51/turn                (no ring)

@: no status effects
A: high MP 1, forlorn, divine attributes
a: no special abilities


You were on level 2 of the Dungeon.
You visited 1 branch of the dungeon, and saw 2 of its levels.

You collected 67 gold pieces.

Inventory:

Hand Weapons
 a - a +0 long sword (weapon)
Missiles
 e - 20 stones
 f - 5 poisoned darts
Armour
 b - a +0 leather armour (worn)
 g - a +0 ring mail
Jewellery
 c - an amulet of magic regeneration (around neck)
 p - a ring of resist corrosion (left hand)
Scrolls
 d - 2 scrolls of fog {unknown}
 h - a scroll of teleportation {unknown}
 i - a scroll of identify {unknown}
 k - a scroll of torment {unknown}
 m - a scroll of poison {unknown}
 n - a scroll of blinking {unknown}
Potions
 j - a potion of flight {unknown}
 l - a potion of resistance {unknown}
 o - a potion of berserk rage {unknown}


   Skills:
 - Level 1.7 Fighting
 - Level 2.6 Long Blades
 - Level 1.7 Dodging
 + Level 2.7 Spellcasting
 - Level 3.0 Conjurations
 + Level 0.7 Translocations


You had 4 spell levels left.
You knew the following spells:

 Your Spells              Type           Power      Damage    Failure   Level
k - Kiss of Death         Conj/Necr      32%        2d7       11%         1
m - Momentum Strike       Conj/Tloc      18%        3d8       14%         2

Your spell library contained the following spells:

 Spells                   Type           Power      Damage    Failure   Level
 Hailstorm                Conj/Ice       8%         3d4       32%         3


Dungeon Overview and Level Annotations

Branches:
Dungeon (2/15)

Shops:
D:2 =


Innate Abilities, Weirdness & Mutations

You have an increased reservoir of magic. (+10% MP)
You shall have no god before yourself.
Your divine heritage dramatically boosts your attributes as you level up.


Message History

HP restored.
You see here a bat corpse.
Found an escape hatch in the ceiling. 3 gnolls come into view.
Found 2 viscous white potions.
The gnoll shouts! x3
There is an escape hatch in the ceiling here.
The concentrated momentum hits the gnoll!
The gnoll is almost dead.
You are unable to move.
MP: 7/9 (-2)
You cannot redirect your momentum while unable to move.
You cannot redirect your momentum while unable to move.
Unknown command.
Throw: 21 stones
Press: ? - help, Shift-Dir - straight line, f/p - gnoll
Aim: a gnoll, wielding a +0 club (almost dead, 60% to hit)
You throw a stone. The stone barely misses the gnoll.
You barely miss the gnoll.
The gnoll is almost dead.
The gnoll closely misses you. x2
You barely miss the gnoll.
The gnoll is almost dead.
You slash the gnoll!
The gnoll is heavily wounded.
You hit the gnoll but do no damage.
The gnoll is heavily wounded.
You are no longer robbed of momentum.
You hit the gnoll.
The gnoll is severely wounded.
The gnoll hits you with a +0 whip. The gnoll hits you with a +0 whip!
The gnoll hits you with a +0 club.
* * * LOW HITPOINT WARNING * * *
HP: 11/29 (-18) ====-------- !!!!!!
You hit the gnoll but do no damage.
The gnoll is almost dead.
The gnoll hits you with a +0 whip!
* * * LOW HITPOINT WARNING * * *
The gnoll hits you with a +0 club!
You die...

######### #######.......#
#.......#####.# #.#####.# #.###
#.# #.g@# #.g.# #.# #.#g# #.#.#
#.# #.#g#####.#..g!.g^g
##########.###.#...g.g.#########
...............#.#..####
########.....###.#..#
#...........#.#..#
#.###.....#.#.#..##########
#.....#.#.#.).........#


You could see 3 gnolls.

Vanquished Creatures
  3 ball pythons (D:1)
  3 endoplasms
  A giant cockroach (D:1)
  4 goblins
  5 hobgoblins
  2 quokkas (D:1)
  3 bats
  A frilled lizard (D:1)
  3 kobolds (D:1)
  8 rats
33 creatures vanquished.

Notes
Turn   | Place    | Note
-------+----------+-------------------------------------------
     0 | D:1      | CannotBeFrozen the Demigod Reaver began the quest for the
                  | Orb.
     0 | D:1      | Reached XP level 1. HP: 17/17 MP: 5/5
   189 | D:1      | Reached skill level 3 in Conjurations
   294 | D:1      | Reached XP level 2. HP: 18/19 MP: 7/7
   303 | D:1      | Learned a level 2 spell: Momentum Strike
   878 | D:2      | Found Vesoczarr's Jewellery Emporium.
   994 | D:2      | Reached XP level 3. HP: 26/29 MP: 9/9
  1071 | D:2      | Slain by a gnoll

Illustrated notes

Levels and vault maps discovered:
D:1:      ebering_trefoil_twist, layout_loops_cross
D:2:      layout_loops_ring, serial_shops, nicolae_shop_crystal,
          minmay_misc_feat_tower

Skill      XL: |  1 |
---------------+----+-----
Spellcasting   | 2 |  2.7
Conjurations   | 3 |  3.0
Fighting       | |  1.7
Long Blades    | |  2.6
Dodging        | |  1.7
Translocations | |  0.7

Action                   || total
-------------------------++-------
Melee: Falchion          ||    83
       Long sword        ||    12
Throw: Stone             ||     4
 Cast: Kiss of Death     ||     2
       Momentum Strike   ||     4
 Stab: Sleeping          ||     2
Armor: Leather armour    ||    21
Dodge: Dodged            ||    72

Table legend: (Time is in decaauts)
 A = Elapsed time spent in this place.
 B = Non-inter-level travel time spent in this place.
 C = Inter-level travel time spent in this place.
 D = Time resting spent in this place.
 E = Time spent auto-exploring this place.
 F = Levels seen in this place.
 G = Mean time per level.
                   A        B        C        D        E       F      G
               +--------+--------+--------+--------+--------+-----+--------+
         Total |   1087 |   1047 |     40 |     77 |    534 |   2 |  543.5 |
       Dungeon |   1087 |   1047 |     40 |     77 |    534 |   2 |  543.5 |
               +--------+--------+--------+--------+--------+-----+--------+

Top non-repeatable levels by time:
     D:1: 793 daAuts
     D:2: 293 daAuts
